 Dungeon Crawl Stone Soup version 0.21.1-1-g345015f (webtiles) character file.

194 letownia2 the Conjurer (level 5, 0/28 HPs)
             Began as a Tengu Fire Elementalist on Mar 5, 2018.
             Slain by a hound (4 damage)
             ... on level 4 of the Dungeon.
             The game lasted 00:05:10 (1002 turns).

letownia2 the Conjurer (Tengu Fire Elementalist)    Turns: 1002, Time: 00:05:10

Health: 0/28       AC:  3    Str:  8    XL:     5   Next: 73%
Magic:  8/18       EV: 12    Int: 16    God:
Gold:   126        SH:  0    Dex: 15    Spells: 4/8 levels left

rFire    . . .     SeeInvis .   j - +0 dagger
rCold    . . .     Gourm    .   (no shield)
rNeg     . . .     Faith    .   d - +0 leather armour
rPois    .         Spirit   .   (helmet restricted)
rElec    .         Reflect  .   (no cloak)
rCorr    .         Harm     .   (no gloves)
MR       .....                  (boots unavailable)
Stlth    ++........             (no amulet)
HPRegen  0.09/turn              h - ring of magical power
MPRegen  0.16/turn              (no ring)

@: no status effects
A: beak, talons 3, able to fly 1
a: Fly


You were on level 4 of the Dungeon.
You were hungry.

You visited 1 branch of the dungeon, and saw 5 of its levels.

You collected 126 gold pieces.

Inventory:

Hand Weapons
 j - a +0 dagger (weapon)
 l - a +0 trident
Armour
 a - a +0 robe
 d - a +0 leather armour (worn)
Jewellery
 h - a ring of magical power (left hand)
Scrolls
 g - 2 scrolls of identify {unknown}
 m - a scroll of fear {unknown}
Potions
 e - a potion of curing {unknown}
 f - a potion of agility {unknown}
 i - a potion of invisibility {unknown}
Books
 b - a book of Flames

   Spells                             Type                      Level
   a - Flame Tongue                   Conjuration/Fire             1
   b - Throw Flame                    Conjuration/Fire             2
   c - Conjure Flame                  Conjuration/Fire             3
   d - Inner Flame                    Hexes/Fire                   3
   e - Sticky Flame                   Conjuration/Fire             4
   f - Fireball                       Conjuration/Fire             5
Comestibles
 c - 2 rations
 k - 2 chunks of flesh


   Skills:
 - Level 2.1 Dodging
 - Level 2.0 Stealth
 - Level 2.0 Spellcasting
 + Level 7.2 Conjurations
 - Level 3.2 Fire Magic


You had 4 spell levels left.
You knew the following spells:

 Your Spells              Type           Power        Failure   Level  Hunger
a - Flame Tongue          Conj/Fire      ###..        3%          1    #......
c - Conjure Flame         Conj/Fire      ###.....     11%         3    ###....


Dungeon Overview and Level Annotations

Branches:
Dungeon (5/15)
 Temple: D:4-7

Altars:
Dithmenos
Trog

Shops:
D:4 (

Annotations:
D:3 letownia2's ghost, weakling TeFE


Innate Abilities, Weirdness & Mutations

You have a beak for a mouth.
You have claws for feet.
You can fly.


Message History

The hound is moderately wounded.
The hound bites you. The hound closely misses you.
Casting: Flame Tongue
Confirm with . or Enter, or press ? or * to list all spells.
Aiming: Flame Tongue
Press: ? - help, Shift-Dir - straight line, f/p - hound
Aim: a hound (moderately wounded)
The flame tongue hits the hound.
The hound is severely wounded.
The hound bites you.
* * * LOW HITPOINT WARNING * * *
Casting: Flame Tongue
Confirm with . or Enter, or press ? or * to list all spells.
Aiming: Flame Tongue
Press: ? - help, Shift-Dir - straight line, f/p - hound
Aim: a hound (severely wounded)
The flame tongue misses the hound.
The hound pauses to sniff the ground.
The hound bites you but does no damage. The hound bites you.
You die...

....#########...## #....))...
................# ##...######
...............## ##..### ###
......######..## ##..## ##..
....### ##### ##..## ##...
....# ###..#####...# #....
....#######...........##
##.... ......................#
#...##
...).......####h@.∩...##
##..### .........###
##.......####...# .###....##
##.............## ##
#....########...............##
##..............######........
##............## ##.......
############## #...##..
#..####. #..# #.


You could see a hound.

Vanquished Creatures
  An ogre (D:4)
  A howler monkey (D:4)
  An iguana (D:4)
  A gnoll (D:4)
  An adder (D:4)
  An adder skeleton (D:4)
  2 leopard geckos (D:4)
  3 orcs (D:4)
  3 giant cockroaches
  2 hobgoblins (D:3)
  A jackal (D:4)
  A quokka (D:4)
  A ball python (D:4)
  A bat (D:2)
  A jackal skeleton (D:4)
  A kobold (D:2)
  3 rats
25 creatures vanquished.

Notes
Turn   | Place    | Note
-------+----------+-------------------------------------------
     0 | D:1      | letownia2 the Tengu Fire Elementalist began the quest for the Orb.
     0 | D:1      | Reached XP level 1. HP: 10/10 MP: 4/4
   109 | D:2      | Reached skill level 2 in Conjurations
   153 | D:2      | Found a bloodstained altar of Trog.
   200 | D:3      | Reached XP level 2. HP: 15/15 MP: 4/6
   205 | D:3      | Noticed letownia2's ghost (weakling TeFE)
   255 | D:3      | Reached skill level 3 in Conjurations
   355 | D:4      | Found Raokeiq's Weapon Shop.
   384 | D:4      | Reached skill level 4 in Conjurations
   384 | D:4      | Reached XP level 3. HP: 10/19 MP: 7/7
   389 | D:4      | Learned a level 3 spell: Conjure Flame
   523 | D:4      | Found a shadowy altar of Dithmenos.
   650 | D:4      | Reached skill level 5 in Conjurations
   650 | D:4      | Reached XP level 4. HP: 24/24 MP: 8/8
   722 | D:4      | Noticed an ogre
   749 | D:4      | Killed an ogre
   749 | D:4      | Reached skill level 6 in Conjurations
   749 | D:4      | Gained mutation: You can fly. [Tengu growth]
   749 | D:4      | Reached XP level 5. HP: 28/28 MP: 4/9
   826 | D:5      | Entered Level 5 of the Dungeon
   826 | D:5      | Noticed an ogre
   990 | D:4      | Reached skill level 7 in Conjurations
  1002 | D:4      | Slain by a hound

Skill      XL: |  1  2  3  4  5 |
---------------+----------------+-----
Conjurations   | 2 4 5 6 7 |  7.2
Dodging        | |  2.1
Stealth        | |  2.0
Spellcasting   | |  2.0
Fire Magic     | |  3.2

Action                   |  1- 3 |  4- 6 || total
-------------------------+-------+-------++-------
Melee: Dagger            |     1 |     3 ||     4
       Kick              |       |     2 ||     2
 Cast: Flame Tongue      |    42 |    28 ||    70
       Conjure Flame     |       |     1 ||     1
  Eat: Chunk             |       |     1 ||     1
Armor: Leather armour    |     5 |     3 ||     8
Dodge: Dodged            |    13 |    15 ||    28
